 Dungeon Crawl Stone Soup version 0.23.0 (webtiles) character file.

Game seed: 10128170547756944034

706 Gargoyl the Skirmisher (level 7, -2/63 HPs)
             Began as a Centaur Abyssal Knight on Feb 9, 2019.
             Was a Follower of Lugonu.
             Slain by a jelly (3 damage)
             ... on level 3 of the Dungeon.
             The game lasted 00:04:44 (2770 turns).

Gargoyl the Skirmisher (Centaur Abyssal Knight)     Turns: 2770, Time: 00:04:44

Health: -2/63      AC: -2    Str: 15    XL:     7   Next: 39%
Magic:  9/9        EV:  9    Int: 11    God:    Lugonu [*.....]
Gold:   194        SH:  0    Dex: 10    Spells: 6/6 levels left

rFire    . . .     SeeInvis .   a - +1 hand axe
rCold    . . .     Gourm    .   (no shield)
rNeg     . . .     Faith    .   b - +1 leather armour
rPois    .         Spirit   .   (no helmet)
rElec    .         Reflect  .   (no cloak)
rCorr    .         Harm     .   (no gloves)
MR       .....                  (no barding)
Stlth    ..........             (no amulet)
HPRegen  0.20/turn              (no ring)
MPRegen  0.11/turn              k - ring of wizardry

@: corroded, very quick
A: large, hooves 3, deformed body, speed 2, tough skin 3
a: Depart the Abyss, Renounce Religion


You were on level 3 of the Dungeon.
You worshipped Lugonu.
Lugonu was aware of your devotion.
You were very hungry.

You visited 1 branch of the dungeon, and saw 3 of its levels.
You visited the Abyss 1 time.

You collected 194 gold pieces.

Inventory:

Hand Weapons
 a - a +1 hand axe (weapon)
 n - a +0 blowgun
Missiles
 o - 16 poisoned needles
Armour
 b - a +1 leather armour (worn)
Jewellery
 k - a ring of wizardry (right hand)
Wands
 e - a wand of paralysis (6)
Scrolls
 f - a scroll of blinking
 i - a scroll of identify
 j - 8 scrolls of remove curse
Potions
 d - a potion of curing
 g - a potion of ambrosia
 h - a potion of degeneration {unknown}
 l - a potion of might {unknown}
 m - a potion of berserk rage {unknown}
 p - a potion of haste {unknown}
 q - a potion of agility {unknown}
Comestibles
 c - 6 rations


   Skills:
 + Level 6.1 Fighting
 + Level 3.5 Axes
 + Level 0.6 Throwing
 * Level 2.7 Armour
 * Level 1.8 Dodging
 * Level 3.5 Invocations
 + Level 0.6 Evocations


You had 6 spell levels left.
You didn't know any spells.
Your spell library was empty.

Dungeon Overview and Level Annotations

Branches:
Dungeon (3/15)

Altars:
Elyvilon
Kikubaaqudgha
Okawaru
Qazlal


Innate Abilities, Weirdness & Mutations

You have hooves in place of feet.
Armour fits poorly on your strangely shaped body.
You cover ground very quickly.
You have extremely tough skin. (AC +3)


Message History

The jelly barely misses you.
You hit the jelly but do no damage.
Your hands burn!
You kick the jelly.
The jelly is moderately wounded.
The jelly hits you.
You are splashed with acid!
You hit the jelly. The acid corrodes you!
Your hands burn!
The jelly is heavily wounded.
The jelly hits you.
You are splashed with acid!
* * * LOW HITPOINT WARNING * * *
You completely miss the jelly. You kick the jelly.
The jelly is severely wounded.
The jelly hits you.
* * * LOW HITPOINT WARNING * * *
You are splashed with acid!
* * * LOW HITPOINT WARNING * * *
You hit the jelly.
Your hands burn!
* * * LOW HITPOINT WARNING * * *
You kick the jelly, but do no damage.
The jelly is almost dead.
The jelly hits you.
You die...

##.....###......
.......
#......#.....#..
.).$...
#......#.....#<.
.......
#...####.....#..
.......
#............#.. #.....
+............###
#.....##.......####.###
#......................
#....J@.........###.###
#...................###
#......########........
#......# #.....###
#...^..# #........
###....# ###......
#....# #...... #....#
#...... #......


You could see a jelly.

Vanquished Creatures
  A worldbinder (Abyss:2)
  Sigmund (D:2)
  2 vampire bats (D:3)
  5 adders
  A worm (D:2)
  4 dart slugs
  2 leopard geckos (D:2)
  3 bat skeletons (D:3)
  3 bat zombies (D:3)
  2 giant cockroaches
  3 goblins
  5 hobgoblins
  5 jackals
  2 bats (D:1)
  5 frilled lizards
  4 kobolds
  3 rats
51 creatures vanquished.

Notes
Turn   | Place    | Note
-------+----------+-------------------------------------------
     0 | Abyss:1  | Gargoyl the Centaur Abyssal Knight began the quest for the
                  | Orb.
     0 | Abyss:1  | Reached XP level 1. HP: 19/19 MP: 2/2
    33 | Abyss:2  | Noticed a worldbinder
    37 | Abyss:2  | Noticed an insubstantial wisp
    37 | Abyss:2  | Noticed an insubstantial wisp
    38 | Abyss:2  | Noticed a vampire mosquito
    38 | Abyss:2  | Noticed a vampire mosquito
    38 | Abyss:2  | Noticed an insubstantial wisp
    38 | Abyss:2  | Killed a worldbinder
    38 | Abyss:2  | Reached skill level 5 in Fighting
    38 | Abyss:2  | Reached skill level 1 in Dodging
    38 | Abyss:2  | Reached XP level 2. HP: 29/30 MP: 2/4
    39 | Abyss:2  | Reached XP level 3. HP: 36/37 MP: 2/5
    39 | Abyss:2  | Reached XP level 4. HP: 43/44 MP: 2/6
    39 | Abyss:2  | Reached XP level 5. HP: 49/50 MP: 2/7
    39 | Abyss:2  | Reached XP level 6. HP: 56/57 MP: 2/8
    98 | Abyss:2  | Noticed a starcursed mass
   111 | D:1      | Escaped the Abyss
   436 | D:1      | Reached * piety under Lugonu
  1219 | D:2      | Found a stormy altar of Qazlal.
  1311 | D:2      | Noticed Sigmund
  1349 | D:2      | Killed Sigmund
  1349 | D:2      | Reached skill level 6 in Fighting
  1349 | D:2      | Reached XP level 7. HP: 41/63 MP: 9/9
  1987 | D:3      | Found an iron altar of Okawaru.
  2539 | D:3      | Found an ancient bone altar of Kikubaaqudgha.
  2721 | D:3      | Found a white marble altar of Elyvilon.
  2770 | D:3      | HP: 1/63 [acid (4)]
  2770 | D:3      | Slain by a jelly

Skill      XL: |  1  2  3  4  5  6 |
---------------+-------------------+-----
Fighting       | 5 6 |  6.1
Axes           | 2 3 |  3.5
Armour         | 2 |  2.7
Dodging        | 1 |  1.8
Invocations    | 3 |  3.5
Throwing       | |  0.6
Evocations     | |  0.6

Action                   |  1- 3 |  4- 6 |  7- 9 || total
-------------------------+-------+-------+-------++-------
Melee: Hand axe          |       |    84 |    76 ||   160
       Kick              |       |    17 |    17 ||    34
 Fire: Blowgun           |       |       |    18 ||    18
Invok: Depart the Abyss  |       |     1 |       ||     1
Evoke: Wand              |     4 |     3 |     1 ||     8
  Use: Scroll            |       |     4 |     3 ||     7
 Stab: Paralysed         |       |       |     1 ||     1
  Eat: Chunk             |       |       |     3 ||     3
Armor: Leather armour    |     1 |    29 |    93 ||   123
Dodge: Dodged            |       |    39 |    90 ||   129
